AoeStats
← AlLaN

Black Forest

509871906Analyzed
4v4 RM · 5d ago on Sep 28, 2026· 65m 11s· 8 players
Game mode
Random Map
Map size
Large (8 player)
Population
200
Speed
Normal
Resources
Standard
Victory
Conquest
Starting age
Dark Age
Ending age
Imperial Age
RankedLock teamsTeams togetherTeam positionsShared explorationLock speedFull tech treeHidden civsTurbo modeCheats
Victory
Defeat
🇫🇷 Ethiopians · France
949
+14
🇨🇳 Burgundians · China
880
+17
🇧🇷 Turks · Brazil
824
+19
🇹🇷 Bohemians · Türkiye
811
+21
🇨🇳 Franks · China
957
-19
🇨🇳 Mongols · China
898
-18
🇨🇳 Byzantines · China
887
-17
🇨🇳 Persians · China
879
-17
terciarium
1:32 Loom
14:40 Feudal Age
20:14 Castle Age
28:48 Horse Collar
28:56 Double-Bit Axe
31:58 Heavy Plow
32:23 Bow Saw
35:25 Imperial Age
33:37 Wheelbarrow
34:57 Forging
34:52 Scale Barding Armor
35:05 Bloodlines
35:25 Husbandry
36:14 Iron Casting
36:03 Hand Cart
38:47 Two-Man Saw
39:48 Blast Furnace
39:09 Chain Barding Armor
40:19 Conscription
40:59 Scale Mail Armor
40:49 Town Watch
45:28 Ballistics
44:54 Arrowslits
45:32 Bombard Tower
44:58 Arrowslits
48:46 Murder Holes
57:21 Elite Janissary
61:00 Caravan
61:58 Guard Tower
62:26 Fortified Wall
63:14 Artillery
AlLaN
8:24 Loom
11:42 Feudal Age
12:13 Fishing Lines
18:51 Castle Age
16:45 Double-Bit Axe
18:33 Horse Collar
18:47 Gold Mining
19:30 Gillnets
19:59 Bow Saw
23:56 Wheelbarrow
24:24 Gold Shaft Mining
24:20 Heavy Plow
24:28 Fletching
24:52 Stone Mining
26:22 Hand Cart
27:20 Bodkin Arrow
28:30 Ballistics
32:50 Imperial Age
30:46 Caravan
31:33 Padded Archer Armor
31:51 Murder Holes
32:22 Forging
32:12 Scale Mail Armor
32:55 Crossbowman
33:42 Thumb Ring
32:58 Elite Skirmisher
33:44 Bracer
33:59 Leather Archer Armor
34:51 Chemistry
34:01 Torsion Engines
34:43 Siege Engineers
35:12 Masonry
35:41 Iron Casting
35:21 Chain Mail Armor
36:06 Conscription
36:09 Chain Mail Armor
38:32 Elite Shotel Warrior
39:31 Halberdier
41:23 Plate Mail Armor
41:53 Blast Furnace
52:22 Two-Man Saw
Külekcikss
0:33 Loom
9:00 Feudal Age
9:36 Double-Bit Axe
10:30 Wheelbarrow
13:27 Horse Collar
21:02 Castle Age
21:18 Padded Archer Armor
21:09 Fletching
22:25 Bow Saw
25:45 Fervor
28:42 Heavy Plow
31:10 Hand Cart
32:29 Caravan
32:18 Town Watch
33:28 Coinage
33:40 Wagenburg Tactics
35:02 Chemistry
35:29 Town Patrol
39:30 Imperial Age
37:30 Sanctity
39:30 Ballistics
39:21 Masonry
39:09 Murder Holes
40:25 Leather Archer Armor
40:05 Bodkin Arrow
40:41 Elite Hussite Wagon
41:42 Conscription
43:48 Fortified Wall
44:10 Architecture
52:01 Hussite Reforms
53:49 Two-Man Saw
53:58 Houfnice
57:55 Ring Archer Armor
57:28 Bracer
58:03 Banking
57:44 Guilds
hayate kokoa
0:30 Loom
13:42 Feudal Age
18:27 Castle Age
16:32 Double-Bit Axe
18:09 Stone Mining
23:49 Pikeman
27:52 Horse Collar
28:15 Gold Mining
29:35 Wheelbarrow
29:44 Heavy Plow
35:15 Imperial Age
32:54 Husbandry
32:51 Town Watch
33:30 Bow Saw
33:40 Forging
34:09 Burgundian Vineyards
34:45 Gold Shaft Mining
34:53 Hand Cart
34:40 Cavalier
35:27 Squires
35:13 Arson
36:28 Conscription
39:00 Chemistry
37:42 Treadmill Crane
37:46 Elite Skirmisher
38:41 Padded Archer Armor
38:32 Fletching
38:49 Scale Barding Armor
51:01 Crop Rotation
55:41 Two-Man Saw
54:11 Paladin
55:12 Leather Archer Armor
55:34 Iron Casting
59:56 Stone Shaft Mining
60:29 Caravan
60:40 Guilds
阿炳弟弟
11:22 Feudal Age
11:49 Double-Bit Axe
11:57 Stone Mining
14:03 Wheelbarrow
14:51 Gold Mining
18:28 Horse Collar
21:23 Castle Age
20:12 Forging
20:04 Fletching
20:32 Padded Archer Armor
21:08 Bloodlines
21:29 Scale Barding Armor
22:29 Leather Archer Armor
23:15 Heavy Plow
23:45 Bow Saw
23:55 Husbandry
25:32 Gold Shaft Mining
25:56 Bodkin Arrow
27:54 Murder Holes
28:42 Iron Casting
29:35 Chain Barding Armor
30:44 Thumb Ring
31:36 Ballistics
35:32 Imperial Age
33:37 Masonry
36:39 Conscription
37:41 Chemistry
37:26 Hoardings
38:38 Blast Furnace
37:39 Bracer
40:34 Parthian Tactics
40:53 Stone Shaft Mining
42:28 Hoardings
44:03 Elite Mangudai
55:12 Scale Mail Armor
55:21 Pikeman
MIN
11:40 Feudal Age
15:39 Castle Age
14:11 Double-Bit Axe
16:37 Forging
23:15 Wheelbarrow
26:32 Iron Casting
28:28 Scale Barding Armor
28:42 Hand Cart
29:29 Bow Saw
31:01 Chain Barding Armor
34:27 Imperial Age
32:42 Gold Mining
34:03 Loom
34:40 Husbandry
36:20 Chemistry
34:57 Cavalier
37:00 Blast Furnace
36:35 Plate Barding Armor
37:23 Conscription
43:23 Paladin
53:49 Elite Skirmisher
55:02 Ballistics
54:56 Padded Archer Armor
56:40 Leather Archer Armor
56:19 Fletching
61:40 Bodkin Arrow
hondayu
10:54 Feudal Age
15:45 Castle Age
16:19 Bloodlines
16:20 Scale Barding Armor
19:21 Horse Collar
21:46 Forging
30:24 Imperial Age
28:31 Wheelbarrow
28:46 Chain Barding Armor
28:43 Heavy Plow
31:35 Iron Casting
31:36 Plate Barding Armor
31:05 Squires
30:27 Pikeman
30:54 Gambesons
30:58 Double-Bit Axe
31:48 Crop Rotation
31:42 Conscription
32:16 Hand Cart
31:51 Town Watch
32:55 Fletching
33:48 Bow Saw
35:55 Blast Furnace
34:52 Bodkin Arrow
34:22 Halberdier
34:48 Arson
36:32 Citadels
39:47 Chemistry
39:20 Ballistics
39:03 Husbandry
38:28 Cavalier
40:09 Savar
40:11 Light Cavalry
50:34 Scale Mail Armor
61:31 Hussar
最长一枪
13:28 Feudal Age
14:25 Double-Bit Axe
17:14 Scale Mail Armor
17:07 Fletching
18:41 Wheelbarrow
21:09 Horse Collar
24:49 Castle Age
23:47 Padded Archer Armor
26:09 Hand Cart
26:58 Bow Saw
28:37 Gold Mining
30:35 Scale Barding Armor
31:34 Gold Shaft Mining
32:03 Heavy Plow
32:31 Elite Skirmisher
33:39 Husbandry
39:14 Imperial Age
36:31 Loom
37:16 Squires
36:37 Pikeman
37:03 Gambesons
36:40 Man-at-Arms
37:24 Bodkin Arrow
37:45 Leather Archer Armor
37:51 Chain Barding Armor
38:46 Forging
39:56 Chain Mail Armor
41:30 Stone Mining
43:02 Heavy Camel Rider
44:36 Iron Casting
45:47 Plate Mail Armor
46:00 Bracer
46:58 Ring Archer Armor
46:47 Arson
49:21 Plate Barding Armor
48:43 Halberdier
50:08 Light Cavalry
52:17 Ballistics
52:58 Chemistry
54:03 Stone Shaft Mining
54:15 Crop Rotation
55:34 Hussar
61:06 Murder Holes
Connection lost

Rejoining the realm…

Still unreachable

The connection could not be restored.

Session expired

The server has moved on; the page needs a fresh start.